AoeStats
← Soltan

Arena

504456602Analyzed
3v3 RM · 26d ago on Sep 5, 2026· 56m 0s· 6 players
Game mode
Random Map
Map size
Normal (6 player)
Population
200
Speed
Normal
Resources
Standard
Victory
Conquest
Starting age
Dark Age
Ending age
Imperial Age
RankedLock teamsTeams togetherTeam positionsShared explorationLock speedFull tech treeHidden civsTurbo modeCheats
Victory
Defeat
🇷🇺 Huns · Russia
1317
+11
🇮🇳 Mapuche · India
1272
+13
🇭🇺 Vietnamese · Hungary
1266
+14
🇷🇺 Sicilians · Russia
1360
-18
🇹🇷 Inca · Türkiye
1143
-10
🇷🇺 Aztecs · Russia
1132
-10
IdliDosa
11:32 Feudal Age
15:50 Castle Age
14:37 Double-Bit Axe
14:35 Horse Collar
17:44 Bow Saw
17:35 Heavy Plow
18:30 Stone Mining
18:30 Gold Mining
18:58 Loom
27:06 Fervor
27:18 Sanctity
30:07 Imperial Age
28:13 Wheelbarrow
31:16 Conscription
30:47 Fletching
32:04 Bodkin Arrow
36:00 Ballistics
36:40 Chemistry
36:33 Padded Archer Armor
35:55 Elite Bolas Rider
38:30 Hand Cart
38:01 Town Watch
39:27 Malon
40:05 Siege Engineers
39:47 Champi Runner
42:58 Leather Archer Armor
44:31 Ring Archer Armor
44:51 Butalmapu
47:32 Crop Rotation
47:39 Gold Shaft Mining
49:49 Hoardings
49:58 Masonry
49:28 Treadmill Crane
49:44 Murder Holes
51:56 Champi Warrior
52:22 Arson
52:38 Scale Mail Armor
52:48 Forging
54:13 Elite Champi Warrior
55:10 Chain Mail Armor
55:30 Iron Casting
57:02 Plate Mail Armor
55:59 Capped Ram
Doppinger
10:23 Feudal Age
9:34 Loom
15:17 Castle Age
13:32 Double-Bit Axe
14:11 Horse Collar
16:55 Wheelbarrow
21:56 Scale Barding Armor
22:37 Fletching
24:44 Town Watch
26:11 Bloodlines
26:06 Bodkin Arrow
29:35 Ballistics
29:18 Murder Holes
33:36 Hand Cart
36:18 Bow Saw
37:28 Heavy Plow
39:52 Gold Mining
39:52 Stone Mining
40:52 Elite Skirmisher
46:07 Arson
46:23 Squires
46:38 Forging
46:29 Scale Mail Armor
46:29 Padded Archer Armor
49:56 Imperial Age
48:45 Thumb Ring
48:07 Pikeman
51:21 Hoardings
50:26 Imperial Skirmisher
53:03 Halberdier
K0libri
7:28 Loom
12:57 Feudal Age
16:58 Castle Age
15:45 Horse Collar
15:53 Double-Bit Axe
19:28 Bow Saw
19:29 Heavy Plow
22:26 Fletching
23:55 Gold Mining
25:40 Wheelbarrow
25:13 Padded Archer Armor
26:32 Bodkin Arrow
26:42 Stone Mining
31:56 Imperial Age
30:05 Hand Cart
29:41 Town Watch
30:15 Leather Archer Armor
30:11 Husbandry
30:21 Bloodlines
31:58 Gold Shaft Mining
34:03 Two-Man Saw
33:34 Parthian Tactics
33:09 Heavy Cavalry Archer
33:53 Bracer
34:21 Ballistics
35:03 Chemistry
34:40 Conscription
36:06 Atheism
35:47 Marauders
36:19 Elite Tarkan
39:40 Thumb Ring
39:50 Town Patrol
41:38 Scale Barding Armor
41:43 Forging
43:35 Chain Barding Armor
43:50 Iron Casting
45:32 Plate Barding Armor
47:14 Caravan
50:37 Masonry
50:29 Murder Holes
52:56 Blast Furnace
51:57 Scale Mail Armor
Soltan
11:17 Feudal Age
13:38 Loom
15:56 Castle Age
14:07 Horse Collar
15:36 Double-Bit Axe
18:21 Loom
34:46 Imperial Age
32:53 Wheelbarrow
33:37 Gold Mining
38:20 Fletching
38:31 Padded Archer Armor
39:35 Chemistry
38:56 Hand Cart
39:17 Bodkin Arrow
39:13 Crossbowman
40:25 Leather Archer Armor
40:27 Masonry
40:02 Arbalester
41:05 Bow Saw
41:49 Fortified Wall
42:10 Thumb Ring
42:50 Bracer
43:21 Ring Archer Armor
43:28 Ballistics
51:17 Ballistics
YouteGG_Togin_Shi
10:54 Feudal Age
14:50 Castle Age
13:05 Double-Bit Axe
13:02 Horse Collar
14:04 Loom
21:41 Pikeman
31:31 Wheelbarrow
30:53 Gold Mining
31:54 Bow Saw
34:31 Gold Shaft Mining
34:18 Heavy Plow
34:20 Stone Mining
34:39 Scale Mail Armor
34:50 Forging
38:10 Imperial Age
36:24 Stone Shaft Mining
36:19 Scale Barding Armor
37:30 Chain Barding Armor
37:21 Forging
37:37 Husbandry
37:48 Bloodlines
38:14 Bloodlines
38:40 Hand Cart
38:36 Town Watch
39:29 Crop Rotation
40:00 Conscription
40:38 Iron Casting
39:36 Cavalier
40:52 First Crusade
41:47 Light Cavalry
42:51 Town Patrol
43:13 Squires
42:33 Halberdier
44:59 Blast Furnace
44:35 Plate Barding Armor
44:45 Chain Mail Armor
45:12 Coinage
44:57 Hauberk
45:39 Elite Skirmisher
46:29 Fletching
46:39 Padded Archer Armor
47:10 Plate Mail Armor
47:18 Masonry
47:28 Ballistics
46:54 Arrowslits
48:10 Chemistry
47:07 Bodkin Arrow
47:13 Arrowslits
48:02 Leather Archer Armor
48:05 Bracer
Rasil
12:20 Feudal Age
16:06 Castle Age
14:24 Double-Bit Axe
14:26 Horse Collar
24:49 Squires
25:23 Pikeman
25:49 Arson
25:25 Eagle Warrior
26:09 Loom
27:36 Heavy Plow
27:49 Bow Saw
27:38 Gold Mining
28:54 Gambesons
29:22 Forging
29:13 Scale Mail Armor
30:04 Wheelbarrow
30:54 Gold Shaft Mining
33:36 Imperial Age
32:03 Iron Casting
31:44 Chain Mail Armor
33:51 Chain Mail Armor
35:31 Blast Furnace
34:54 Conscription
34:30 Elite Eagle Warrior
35:43 Plate Mail Armor
37:10 Capped Ram
39:58 Garland Wars
42:59 Fortified Wall
42:55 Town Watch
46:30 Town Patrol
46:45 Hand Cart
46:51 Hand Cart
50:16 Elite Skirmisher
Connection lost

Rejoining the realm…

Still unreachable

The connection could not be restored.

Session expired

The server has moved on; the page needs a fresh start.